 Dungeon Crawl Stone Soup version 0.15-a0-2144-g51de978 (webtiles) character file.

239 MackTheKnife the Poker (level 6, -3/44 HPs)
             Began as a Merfolk Gladiator on July 18, 2014.
             Killed from afar by an orc wizard (4 damage)
             ... with a puff of frost
             ... on Level 4 of the Dungeon.
             The game lasted 00:07:05 (3904 turns).

MackTheKnife the Poker (Merfolk Gladiator)          Turns: 3904, Time: 00:07:05

HP  -3/44        AC  6     Str 15      XL: 6   Next:  7%
MP   6/6         EV 15     Int  8      God:
Gold 279         SH  0     Dex 16      Spells:  0 memorised,  5 levels left

rFire  . . .     SeeInvis .     a - +0 trident
rCold  . . .     Clarity  .     b - +0 leather armour
rNeg   . . .     rCorr    .     (no shield)
rPois  .         rRot     .     c - +0 helmet
rElec  .         Spirit   .     e - +0 cloak
SustAb .         Warding  .     (no gloves)
rMut   .         Stasis   .     m - +0 pair of boots
Gourm  .                        (no amulet)
MR     .....                    (no ring)
                                (no ring)

@: not resistant to hostile enchantments, very unstealthy
A: change form in water, swift swim
a: no special abilities


You were on level 4 of the Dungeon.
You were not hungry.

You visited 1 branch of the dungeon, and saw 4 of its levels.

You collected 279 gold pieces.


   Skills:
 - Level 2.1 Fighting
 + Level 7.6 Polearms
 - Level 2.0 Throwing
 + Level 6.5 Dodging


You had 5 spell levels left.
You didn't know any spells.

Inventory:

Hand weapons
 a - a +0 trident (weapon)
Missiles
 d - 3 throwing nets (quivered)
Armour
 b - a +0 leather armour (worn)
 c - a +0 helmet (worn)
 e - a +0 cloak (worn)
 m - a +0 pair of boots (worn)
Magical devices
 f - a wand of polymorph (8)
Scrolls
 h - 3 scrolls of identify
 i - a scroll of amnesia
Potions
 n - a potion of haste {unknown}

· ··· · ·· ▒▒
▒▒▒▒▒▒· ·· ·· ······
▒·▒▒▒▒8▒▒···▒▒▒▒▒ ··
▒··o··············
···· ▒·o▒▒▒▒▒▒m··▒
·····▒··▒··o··▒▒▒▒
······▒·o▒··o··▒▒▒▒
·········▒········▒
·······oo···▒·····▒
········?···▒·····▒
·▒▒·▒▒▒·············
·· ▒·····▒·····▒▒
▒··▒▒·▒·····▒


You could see an orc priest, 2 orc wizards and an orc.


Message History

* * * LOW HITPOINT WARNING * * *
The orc misses you. The orc wizard hits you with a dagger.
* * * LOW HITPOINT WARNING * * *
An orc priest comes into view. It is wielding a flail.
The orc wizard gestures at you while chanting.
The puff of frost misses you.
Drink which item? (? for menu, Esc to quit)
You feel better.
The orc wizard gestures at you while chanting.
The puff of frost misses you.
The orc wizard gestures at you while chanting.
The magic dart hits you!
* * * LOW HITPOINT WARNING * * *
Drink which item? (? for menu, Esc to quit)
You feel better. The orc wizard misses you. The orc closely misses you.
The orc wizard becomes somewhat translucent.
Drink which item? (? for menu, Esc to quit)
You feel better. The orc wizard barely misses you.
The orc wizard looks braver.
The orc priest calls down the wrath of Beogh upon you.
Something smites you!
* * * LOW HITPOINT WARNING * * *
The orc priest mumbles some strange prayers to Beogh against you.
Something smites you!
* * * LOW HITPOINT WARNING * * *
The orc priest becomes somewhat translucent.
An orc wizard comes into view. It is wielding a dagger.
The orc wizard gestures at you while chanting.
The puff of frost hits you!
You die...

Action                   |  1- 3 |  4- 6 || total
-------------------------+-------+-------++-------
Melee: Trident           |   111 |   244 ||   355
Evoke: Wand              |       |     1 ||     1
  Use: Scroll            |       |     7 ||     7
       Potion            |       |     3 ||     3
 Stab: Sleeping          |       |     1 ||     1
  Eat: Chunk             |     1 |     4 ||     5
       Bread ration      |       |     1 ||     1

Vault maps used:
D:1:      minmay_arrival_four_houses, kennysheep_nondescript,
          serial_park_tiny_pond, minivault_23
D:2:      lemuel_crystal_altar, uniq_iyjb
D:3:      minmay_surrounded, uniq_terence
D:4:      mumra_celtic_spiral_tile, kennysheep_little_box, first_bread,
          serial_shops, shop_statue

Notes
Turn   | Place    | Note
--------------------------------------------------------------
     0 | D:1      | MackTheKnife, the Merfolk Gladiator, began the quest for the Orb.
     0 | D:1      | Reached XP level 1. HP: 16/16 MP: 1/1
   424 | D:1      | Reached XP level 2. HP: 16/22 MP: 2/2
   650 | D:1      | Reached skill level 5 in Polearms
   984 | D:1      | Reached XP level 3. HP: 23/27 MP: 3/3
  1294 | D:2      | Noticed Ijyb
  1312 | D:2      | Killed Ijyb
  1312 | D:2      | Reached skill level 6 in Polearms
  1312 | D:2      | Reached skill level 5 in Dodging
  1312 | D:2      | Reached XP level 4. HP: 23/33 MP: 4/4
  1827 | D:2      | Found a sparkling altar of Nemelex Xobeh.
  2325 | D:3      | Reached XP level 5. HP: 36/38 MP: 5/5
  2736 | D:3      | Reached skill level 7 in Polearms
  2749 | D:3      | Reached skill level 6 in Dodging
  2789 | D:3      | Noticed Terence
  3565 | D:3      | Reached XP level 6. HP: 44/44 MP: 6/6
  3893 | D:4      | HP: 1/44 [orc wizard/dagger (6)]
  3902 | D:4      | HP: 1/44 [orc priest/divine providence (9)]
  3904 | D:4      | Killed from afar by an orc wizard

Vanquished Creatures
  2 orc wizards (D:3)
  Ijyb (D:2)
  6 adders
  5 worms
  A giant gecko (D:2)
  6 orcs (D:3)
  6 bats
  5 giant cockroaches
  6 hobgoblins
  12 jackals
  9 kobolds
  A ball python (D:2)
  A giant newt (D:2)
  10 goblins
  A quokka (D:3)
  15 rats
87 creatures vanquished.
